 Dungeon Crawl Stone Soup version 0.30.1-9-gdf580d7c3d (webtiles) character file.

Game seed: 3369053863804248337

123025 KittyFluff the Bludgeoner (level 16, -5/103 HPs)
             Began as a Gargoyle Berserker on Oct 5, 2023.
             Was the Champion of Trog.
             Slain by a spriggan rider
             ... wielding a +0 spear
              (19 damage)
             ... on level 1 of the Swamp.
             The game lasted 02:36:33 (25000 turns).

KittyFluff the Bludgeoner (Gargoyle Berserker)     Turns: 25000, Time: 02:36:33

Health: -5/103     AC: 36    Str: 23    XL:     16   Next: 89%
Magic:  16/16      EV: 24    Int: 10    God:    Trog [******]
Gold:   2447       SH:  0    Dex: 16    Spells: 15/15 levels left

rFire   . . .        U - +2 dire flail
rCold   . . .        (shield currently unavailable)
rNeg    + + .        D - +1 chain mail "Duyra" {rElec SInv}
rPois   ∞            Z - +0 helmet
rElec   +            R - +1 cloak "Ivaeblurr" {Slay+2}
rCorr   .            X - +2 pair of gloves {Dex+3}
SInv    +            w - +0 pair of boots
Will    ++++.        p - amulet of the Four Winds {rN+ Will+++ Clar} Stlth
                     g - +5 ring of evasion
HPRegen 0.37/turn    b - +5 ring of evasion
MPRegen 0.15/turn

%: clarity
@: flying
A: sickness immunity, AC +12, big wings, negative energy resistance 1,
electricity resistance, torment resistance 1, petrification resistance
a: Renounce Religion, Berserk, Trog's Hand, Brothers in Arms


You were on level 1 of the Swamp.
You worshipped Trog.
Trog was exalted by your worship.
You visited 4 branches of the dungeon, and saw 23 of its levels.
You visited the Abyss 1 time.
You also visited: Bailey and Gauntlet.

You collected 2694 gold pieces.
You spent 247 gold pieces at shops.

Inventory:

Hand Weapons
 a - a +1 heavy great mace
 s - the +11 sling of Discretion {flame, SInv}
   (You found it on level 12 of the Dungeon)

   SInv:      It lets you see invisible.
 u - a +5 antimagic great mace
 S - the +1 sling of Kouss {flame, rF+ rC+ Dex+4}
   (You bought it in a shop on level 14 of the Dungeon)

   Dex:       It affects your dexterity (+4).
   rF:        It protects you from fire.
   rC:        It protects you from cold.
 U - a +2 dire flail (weapon)
Missiles
 k - 33 poisoned darts
 v - 6 throwing nets
 z - 8 boomerangs (quivered)
 E - 6 silver javelins
 H - 11 javelins
 T - 2 curare-tipped darts
Armour
 w - a +0 pair of boots (worn)
 D - the +1 chain mail "Duyra" (worn) {rElec SInv}
   (You found it on level 6 of the Dungeon)

   rElec:     It insulates you from electricity.
   SInv:      It lets you see invisible.
 P - a +3 chain mail of fire resistance
 R - the +1 cloak "Ivaeblurr" (worn) {Slay+2}
   (You found it on level 13 of the Dungeon)

   Slay:      It affects your accuracy & damage with ranged weapons and melee
   (+2).
 X - a +2 pair of gloves of dexterity (worn)
 Z - a +0 helmet (worn)
Jewellery
 b - a +5 ring of evasion (right hand)
 g - a +5 ring of evasion (left hand)
 p - the amulet of the Four Winds (around neck) {rN+ Will+++ Clar}
   (You took it off a minotaur in a Gauntlet)

   [amulet of nothing]

   rN:        It protects you from negative energy.
   Clar:      It protects you from confusion, rage, mesmerisation and fear.
   Will:      It greatly increases your willpower.
 C - a ring of ice
 I - an amulet of regeneration
Wands
 i - a wand of iceblast (7)
 G - a wand of paralysis (13)
 O - a wand of mindburst (9)
 Q - a wand of acid (12)
 W - a wand of flame (37)
Scrolls
 c - 3 scrolls of brand weapon
 d - 4 scrolls of fear
 f - 2 scrolls of blinking
 j - 10 scrolls of enchant weapon
 m - 5 scrolls of silence {unknown}
 n - 4 scrolls of immolation {unknown}
 o - 5 scrolls of magic mapping
 x - 7 scrolls of teleportation
 B - a scroll of poison
 J - 2 scrolls of fog
 M - 7 scrolls of enchant armour
 N - a scroll of summoning
Potions
 e - 3 potions of ambrosia
 h - 4 potions of resistance
 l - 5 potions of haste
 q - 11 potions of might
 r - 2 potions of cancellation
 t - 4 potions of attraction
 A - 8 potions of curing
 F - 5 potions of heal wounds
 L - 4 potions of mutation
 Y - 8 potions of invisibility
Miscellaneous
 K - a condenser vane
 V - a phantom mirror


   Skills:
 + Level 12.9 Fighting
 * Level 20.0 Maces & Flails
 + Level 5.8 Ranged Weapons
 + Level 16.4 Armour
 + Level 9.9 Dodging


You had 15 spell levels left.
You didn't know any spells.
Your spell library was empty.

Dungeon Overview and Level Annotations

Branches:
Dungeon (15/15)            Temple (0/1) D:5            Lair (5/5) D:8
  Swamp (1/4) Lair:2       Spider (0/4) Lair:2        Slime (0/5) Lair:4
    Orc (2/2) D:10            Elf (0/3) Orc:2        Vaults (0/5) D:14
 Depths (0/4) D:15         Bailey (visited)         Gauntlet (visited)

Altars:
Dithmenos
Okawaru
Qazlal
Ru
Trog
Vehumet
Wu Jian
Zin

Shops:
D:5 *   D:13 ?   D:14 [*   D:15 (   Orc:2 *[*!


Innate Abilities, Weirdness & Mutations

You are immune to sickness and miasma.
Your stone body is resilient. (AC +12)
You are immune to poison.
Your large and strong wings let you fly.
You resist negative energy. (rN+)
You are resistant to electric shocks. (rElec)
You are resistant to unholy torment.
You are immune to petrification.


Message History

You resist.
You are engulfed in freezing vapours.
The swamp drake closely misses you.
You thump the swamp drake!
The swamp drake is heavily wounded.
You hit the swamp drake.
The swamp drake is severely wounded.
The spriggan rider hits you from afar with a +0 spear!
The swamp drake completely misses you.
You barely miss the swamp drake.
The swamp drake is severely wounded.
The bog body casts a spell at you.
The bolt of cold hits the swamp drake!!
The swamp drake dies!
The bolt of cold misses you.
You are engulfed in freezing vapours.
The spriggan rider hits you from afar with a +0 spear.
The spriggan rider throws a curare-tipped dart.
The curare-tipped dart hits you.
There is a staircase back to the Lair here.
The spriggan rider barely misses you.
The bog body touches you but does no damage.
The spriggan rider closely misses you.
You completely miss the spriggan rider. The bog body misses you.
You puncture the spriggan rider!
The spriggan rider is moderately wounded.
The bog body touches you. The bog body freezes you!!
The spriggan rider misses you.
You closely miss the spriggan rider.
The spriggan rider is moderately wounded.
The bog body closely misses you.
The bog body touches you but does no damage.
The bog body attacks as you move away! The bog body completely misses you.
The spriggan rider hits you but does no damage.
The bog body touches you!
* * * LOW HITPOINT WARNING * * *
The bog body freezes you!
* * * LOW HITPOINT WARNING * * *
There is a staircase back to the Lair here.
The spriggan rider hits you from afar with a +0 spear!!
You die...

.♣.~^♣~.♣♣ ♣.
..~.:~.>♣♣
♣.♣♣.....~..♣♣
♣♣..♣.~~~≈≈~§.♣♣
♣§~..~~≈≈≈≈≈≈..♣
♣.§).~≈≈≈≈≈~≈~.♣
♣~~~.~≈≈~.~~~≈.♣♣
♣♣~♣♣~§≈in@.≈≈~..♣
♣...~~~≈≈n.~≈≈~..♣
...~..~≈≈≈≈≈≈≈~~♣♣
...§...≈≈≈≈≈≈≈§.♣
#...~§~.~≈≈≈~~.♣♣
#...?.....~.~.♣♣
..#......~.~♣♣♣
....).~~.~.♣♣
..#....♣~.~.


You could see a spriggan rider and 2 bog bodies.

Vanquished Creatures
  A profane servitor (Abyss:2)
  Rupert (D:14)
  2 tentacled starspawn (Abyss:2)
  Agnes (D:14)
  A deep elf elementalist (Abyss:2)
  The ghost of Drunn the Thaumaturge, a journeyman DsEE of Dithmenos (D:13)
  The ghost of arthad the Fighter, a journeyman GrFi of Okawaru (Orc:2)
  A minotaur (Gauntlet)
  Snorg (D:11)
  3 ettins
  2 fire dragons
  Fannar (Orc:1)
  9 hydras
  The ghost of mrw3rdna the Blocker, a journeyman FoHu of Okawaru (Lair:1)
  The ghost of turdburglar the Carver, a journeyman DsNe of Yredelemnul (D:11)
  An ice dragon (D:15)
  An ogre mage (D:15)
  A catoblepas (D:13)
  A death knight (D:14)
  2 centaur warriors
  11 two-headed ogres
  8 boulder beetles
  3 tengu warriors
  An orc high priest (Orc:2)
  Urug (Lair:3)
  A thrashing horror (Abyss:2)
  7 death yaks
  A spriggan berserker (D:14)
  A skyshark (Lair:2)
  3 sixfirhies
  The ghost of sheffield53 the Gusty, a novice DsAE of Vehumet (D:9)
  4 skeletal warriors
  A bog body (D:11)
  A glowing orange brain (Abyss:2)
  A wizard (D:14)
  3 deep elf pyromancers
  A lindwurm (shapeshifter) (D:14)
  A harpy (D:13)
  8 orc knights
  3 orc sorcerers
  2 oklob plants
  6 ugly things
  3 manticores
  A wolf spider (Lair:5)
  6 cyclopes
  A moth of wrath (D:13)
  12 slime creatures (D:12)
  3 elephants (Lair:3)
  7 black mambas
  A guardian serpent (Lair:5)
  A gargoyle (D:13)
  A smoke demon (Abyss:2)
  5 large abominations (Abyss:2)
  19 cane toads
  A rime drake (shapeshifter) (D:14)
  9 rime drakes
  An unseen horror (D:12)
  13 komodo dragons
  An efreet (D:15)
  4 freezing wraiths
  2 ice devils (D:11)
  3 ancient zymes (Abyss:2)
  A tengu conjurer (Gauntlet)
  11 trolls
  A hellwing (Abyss:2)
  3 hornets (Lair:5)
  11 saltlings (Orc:2)
  4 polar bears
  11 blink frogs
  2 centaur simulacra (D:15)
  3 shadows
  Sigmund (D:3)
  A jumping spider (Lair:2)
  A culicivora (shapeshifter) (D:13)
  27 wyverns
  6 wraiths
  29 yaks
  5 basilisks
  A basilisk (shapeshifter) (D:15)
  A neqoxec (Gauntlet)
  6 redbacks
  2 chaos spawn
  A steam dragon (D:7)
  Menkaure (D:5)
  A death yak simulacrum (D:11)
  4 vampire mosquitoes
  2 acid dragons
  Edmund (D:6)
  18 water moccasins
  26 orc warriors
  2 black bears
  3 boggarts (D:14)
  7 small abominations (Abyss:2)
  16 ogres
  14 centaurs
  9 wolves
  5 kobold brigands
  12 bullfrogs
  5 gnoll sergeants
  A two-headed ogre simulacrum (D:11)
  5 scorpions
  4 wights
  An elephant simulacrum (D:11)
  4 killer bees (D:7)
  A howler monkey (D:14)
  3 electric eels (Lair:2)
  A jelly (D:6)
  A hound (D:5)
  16 orc priests
  A sleepcap (D:4)
  3 starcursed masses (Abyss:2)
  5 iguanas
  4 iron imps (Abyss:2)
  Ijyb (D:5)
  23 orc wizards
  4 hell rats (Lair:4)
  A polar bear simulacrum (D:11)
  A spriggan simulacrum (D:11)
  7 adders
  15 gnolls
  A shadow imp (D:6)
  A white imp (Abyss:2)
  An ufetubus (Abyss:2)
  3 worms
  2 dart slugs (D:2)
  93 orcs
  8 endoplasms
  A giant cockroach (D:4)
  14 goblins
  5 hobgoblins
  3 jackals (D:1)
  A quokka (D:1)
  11 ball pythons
  5 bats
  4 frilled lizards
  21 kobolds
  A rat (D:3)
  A starspawn tentacle (Abyss:2)
  2 tentacles (Abyss:2)
730 creatures vanquished.

Vanquished Creatures (others)
  An unseen horror (D:12)
  A swamp drake (Swamp:1)
  An orc (Orc:1)
  A lurking horror (Abyss:2)
  18 starspawn tentacles (Abyss:2)
  13 tentacles (Abyss:2)
35 creatures vanquished.

Grand Total: 765 creatures vanquished

Notes
Turn   | Place    | Note
-------+----------+-------------------------------------------
     0 | D:1      | KittyFluff the Gargoyle Berserker began the quest for the
                  | Orb.
     0 | D:1      | Reached XP level 1. HP: 14/14 MP: 1/1
   129 | D:1      | Reached XP level 2. HP: 19/19 MP: 2/2
  1267 | D:2      | Reached XP level 3. HP: 23/23 MP: 3/3
  1519 | D:2      | Reached ** piety under Trog
  2099 | D:3      | Reached XP level 4. HP: 13/28 MP: 4/4
  2256 | D:3      | Identified the +4 war axe of Dismemberment {freeze, rC-
                  | Will++ rCorr Dex-5}
  2377 | D:3      | Noticed Sigmund
  2387 | D:3      | Killed Sigmund
  2388 | D:3      | Reached skill level 4 in Maces & Flails
  2388 | D:3      | Reached XP level 5. HP: 29/33 MP: 5/5
  2388 | D:3      | Reached XP level 6. HP: 34/38 MP: 6/6
  2640 | D:4      | Noticed a black bear
  2648 | D:4      | Killed a black bear
  3141 | D:4      | Reached skill level 5 in Maces & Flails
  3141 | D:4      | Reached XP level 7. HP: 44/44 MP: 7/7
  3280 | D:5      | Entered Level 5 of the Dungeon
  3340 | D:5      | Reached skill level 5 in Armour
  3470 | D:5      | Reached skill level 13 in Maces & Flails
  3470 | D:5      | Reached XP level 8. HP: 48/48 MP: 8/8
  3515 | D:5      | Noticed Menkaure
  3528 | D:5      | Killed Menkaure
  3783 | D:5      | Noticed Ijyb
  3799 | D:5      | Killed Ijyb
  3862 | D:5      | Found a runed translucent door.
  3946 | D:5      | Reached *** piety under Trog
  3973 | D:5      | Reached XP level 9. HP: 35/53 MP: 9/9
  4009 | D:5      | Reached skill level 5 in Fighting
  4151 | D:5      | Found a staircase to the Ecumenical Temple.
  4275 | D:5      | Found Kyhira's Assorted Antiques.
  4824 | D:6      | Identified the +1 chain mail "Duyra" {rElec SInv}
  4842 | D:6      | Noticed Edmund
  4865 | D:6      | Killed Edmund
  5025 | D:6      | Found a shadowy altar of Dithmenos.
  5056 | D:6      | Found a radiant altar of Vehumet.
  5056 | D:6      | Found a stormy altar of Qazlal.
  5375 | D:7      | Reached **** piety under Trog
  5544 | D:7      | Noticed a troll
  5554 | D:7      | Killed a troll
  5555 | D:7      | Reached skill level 14 in Maces & Flails
  5586 | D:7      | Reached XP level 10. HP: 53/60 MP: 10/10
  5757 | D:7      | Found a flagged portal.
  5824 | Bailey   | Entered a bailey
  6016 | Bailey   | Reached skill level 15 in Maces & Flails
  6016 | Bailey   | Reached skill level 5 in Dodging
  6016 | Bailey   | Reached XP level 11. HP: 67/67 MP: 11/11
  6023 | Bailey   | Noticed an orc knight
  6062 | Bailey   | Killed an orc knight
  6158 | Bailey   | Noticed an orc knight
  6186 | Bailey   | Killed an orc knight
  6304 | D:7      | Found a glowing silver altar of Zin.
  6815 | D:8      | Found an iron altar of Okawaru.
  6862 | D:8      | Identified the amulet "Ubler" {RegenMP Dex+4}
  6899 | D:8      | Found a staircase to the Lair.
  6910 | D:8      | Found an ornate altar of the Wu Jian Council.
  7580 | D:9      | Reached ***** piety under Trog
  7698 | D:9      | Identified the +3 flail of the Incandescent {pain, rPois
                  | rC+ Int+3}
  7783 | D:9      | Reached skill level 10 in Armour
  7882 | D:9      | Found a runed translucent door.
  7887 | D:9      | Noticed sheffield53's ghost (novice DsAE)
  7905 | D:9      | Killed sheffield53's ghost
  8179 | D:10     | Entered Level 10 of the Dungeon
  8233 | D:10     | Found a staircase to the Orcish Mines.
  8399 | D:10     | Reached XP level 12. HP: 73/73 MP: 12/12
  8758 | D:10     | Noticed a two-headed ogre
  8776 | D:10     | Killed a two-headed ogre
  9091 | D:10     | Found a sacrificial altar of Ru.
  9300 | D:11     | Noticed turdburglar's ghost (journeyman DsNe)
  9300 | D:11     | Found a runed translucent door.
  9348 | D:11     | Killed turdburglar's ghost
  9350 | D:11     | Identified the +5 rapier of the Establishment {chaos, rC+
                  | Dex+4}
  9524 | Lair:1   | Entered Level 1 of the Lair of Beasts
  9595 | D:8      | Reached skill level 16 in Maces & Flails
 10265 | Lair:1   | Noticed mrw3rdna's ghost (journeyman FoHu)
 10272 | Lair:1   | Noticed a six-headed hydra
 10277 | Lair:1   | Found a transporter.
 10279 | Lair:1   | Found a transporter.
 10344 | Lair:1   | Noticed a four-headed hydra
 10353 | Lair:1   | Noticed a boulder beetle
 10526 | Lair:2   | Noticed a four-headed hydra
 10561 | Lair:2   | Killed a four-headed hydra
 10673 | Lair:2   | Reached XP level 13. HP: 77/80 MP: 13/13
 10686 | Lair:2   | Found a staircase to the Swamp.
 11131 | Lair:2   | Found a hole to the Spider Nest.
 11683 | Lair:2   | Received a gift from Trog
 12074 | Lair:3   | Noticed Urug
 12094 | Lair:3   | Killed Urug
 12179 | Lair:3   | Reached skill level 17 in Maces & Flails
 13027 | Lair:4   | Found a staircase to the Slime Pits.
 13148 | Lair:4   | Reached skill level 10 in Fighting
 13226 | Lair:5   | Entered Level 5 of the Lair of Beasts
 13433 | Lair:5   | Gained mutation: Your large and strong wings let you fly.
                  | [Gargoyle growth]
 13433 | Lair:5   | Reached XP level 14. HP: 88/88 MP: 14/14
 13468 | Lair:5   | Found a sacrificial altar of Ru.
 13935 | Lair:5   | Received a gift from Trog
 14828 | Lair:1   | Reached skill level 18 in Maces & Flails
 14947 | Lair:1   | Killed mrw3rdna's ghost
 15422 | D:11     | Noticed Snorg
 15443 | D:11     | Killed Snorg
 15682 | D:11     | Identified the ring "Musyl" {rPois rN+ Will+ MP-9 Int+2}
 15839 | D:11     | Reached skill level 15 in Armour
 15867 | D:11     | Reached XP level 15. HP: 91/94 MP: 15/15
 16150 | D:12     | Reached ****** piety under Trog
 16688 | D:12     | Identified the +11 sling of Discretion {flame, SInv}
 16912 | D:13     | Found Yrabbuov's Magic Scroll Emporium.
 17115 | D:13     | Found a transporter.
 17125 | D:13     | Found a transporter.
 17344 | D:13     | Reached skill level 1 in Ranged Weapons
 17388 | D:13     | Received a gift from Trog
 17648 | D:13     | Noticed Drunn's ghost (journeyman DsEE)
 17826 | D:13     | Killed Drunn's ghost
 17891 | D:13     | Identified the +1 cloak "Ivaeblurr" {Slay+2}
 17902 | D:13     | Identified the +8 shortbow of Howling Painful Death {elec,
                  | Fragile rElec rPois Int+7}
 18010 | D:14     | Found Lagusox's Antique Armour Emporium.
 18013 | D:14     | Found Pyecrutit's General Store.
 18045 | D:14     | Found a gate leading to a gauntlet.
 18079 | Gauntlet | Entered a Gauntlet
 18079 | Gauntlet | Found a transporter.
 18079 | Gauntlet | Found a transporter.
 18098 | Gauntlet | Found a transporter.
 18110 | Gauntlet | Found a transporter.
 18113 | Gauntlet | Found a transporter.
 18117 | Gauntlet | Found a transporter.
 18118 | Gauntlet | Found a transporter.
 18118 | Gauntlet | Found a transporter.
 18135 | Gauntlet | Found a transporter.
 18152 | Gauntlet | Found a transporter.
 18163 | Gauntlet | Found a runed translucent door.
 18164 | Gauntlet | Found a transporter.
 18165 | Gauntlet | Found a runed translucent door.
 18179 | Gauntlet | Found a transporter.
 18201 | Gauntlet | Found a transporter.
 18214 | Gauntlet | Found a transporter.
 18509 | Gauntlet | Identified the ring of Tilon {rElec rPois}
 18552 | Gauntlet | Identified the +6 halberd of Qituw {freeze, rElec rF+ rCorr
                  | Dex-4}
 18622 | Abyss:2  | Cast into level 2 of the Abyss (a wizard)
 18712 | Abyss:2  | Noticed a kraken
 18764 | Abyss:2  | Noticed a bone dragon
 19034 | Abyss:2  | Noticed a deep elf elementalist
 19044 | Abyss:2  | Killed a deep elf elementalist
 19049 | Abyss:2  | Reached skill level 19 in Maces & Flails
 19096 | Abyss:2  | Noticed a tentacled starspawn
 19140 | Abyss:2  | Killed a tentacled starspawn
 19152 | Abyss:2  | Noticed a profane servitor
 19187 | Abyss:2  | Killed a profane servitor
 19237 | Abyss:2  | Noticed a bone dragon
 19263 | Abyss:2  | Noticed a tentacled starspawn
 19304 | Abyss:2  | Killed a tentacled starspawn
 19384 | Abyss:2  | Received a gift from Trog
 19401 | Abyss:2  | Found a hide-covered altar of Uskayaw.
 19439 | Abyss:2  | Paralysed by accursed screaming for 1 turns
 19453 | D:14     | Escaped the Abyss
 19677 | D:14     | Noticed Agnes
 19689 | D:14     | Killed Agnes
 19690 | D:14     | Reached XP level 16. HP: 101/101 MP: 16/16
 19823 | D:14     | Found Ovem's Assorted Antiques.
 19856 | D:14     | Found a gate to the Vaults.
 19857 | D:14     | Noticed Rupert
 20230 | D:14     | Killed Rupert
 20561 | D:14     | Bought an iridescent sling for 182 gold pieces
 20561 | D:14     | Identified the +1 sling of Kouss {flame, rF+ rC+ Dex+4}
                  | (You bought it in a shop on level 14 of the Dungeon)
 20796 | D:14     | Found the +12 pair of quick blades "Gyre" and "Gimble"
                  | {protect}
 20869 | D:15     | Entered Level 15 of the Dungeon
 21319 | D:15     | Received a gift from Trog
 21390 | D:15     | Found a staircase to the Depths.
 21526 | D:15     | Reached skill level 5 in Ranged Weapons
 21858 | D:15     | Found Plog's Weapon Emporium.
 22673 | Orc:1    | Entered Level 1 of the Orcish Mines
 22673 | Orc:1    | Noticed Fannar
 22686 | Orc:1    | Killed Fannar
 22820 | Orc:2    | Entered Level 2 of the Orcish Mines
 23470 | Orc:2    | Found a staircase to the Elven Halls.
 23670 | Orc:2    | Found a runed translucent door.
 23680 | Orc:2    | Noticed arthad's ghost (journeyman GrFi)
 23760 | Orc:1    | Found a bloodstained altar of Trog.
 24110 | Orc:2    | Found Fusiyf's Antique Armour Boutique.
 24251 | Orc:2    | Reached skill level 20 in Maces & Flails
 24288 | Orc:2    | Found Tosonoc's Distillery.
 24404 | Orc:2    | Found Roomalokh's General Store.
 24418 | Orc:2    | Bought a potion of heal wounds for 65 gold pieces
 24608 | Orc:2    | Found Hagreng's General Store.
 24716 | Orc:2    | Killed arthad's ghost
 24984 | Swamp:1  | Entered Level 1 of the Swamp
 25000 | Swamp:1  | Slain by a spriggan rider

Illustrated notes

Levels and vault maps discovered:
D:1:      ebering_trefoil_twist, layout_basic, hangedman_feature_mirror
D:2:      layout_basic, st_stairs_13
D:3:      cheibrodos_old_hovel, layout_loops_cross, uniq_sigmund, uniq_robin
D:4:      layout_loops_cross
D:5:      layout_basic, minmay_temple_entry_slanted, serial_shops, shop,
          lightli_church_of_beogh, uniq_ijyb, uniq_menkaure
D:6:      layout_rooms, grunt_dithmenos_smoke_and_mirrors,
          mainiacjoe_overflow_divided_tiny, uniq_edmund
D:7:      layout_loops_ring, zin_academy, enter_bailey_3, minmay_curled_crystal
D:8:      layout_basic, amcnicky_altar_gilded, okawaru_ov_weapons_minmay,
          lair_entry_dummy, hangedman_decor_riveting
D:9:      layout_loops_ring, ebering_ghost_reflecting_pool
D:10:     layout_loops_corners, hangedman_ru_absence,
          kennysheep_orc_monster_closet_entryway
D:11:     dreamdust_isle_of_ice, layout_rooms, gammafunk_ghost_grave,
          billiards_dpeg, uniq_snorg
D:12:     layout_rooms, david_defended_altar_orc
D:13:     layout_loops_ring, gammafunk_ghost_berserking_beasts,
          nicolae_take_the_stairs
D:14:     layout_roguey, gauntlet_entry_generic, dreamdust_wishing_well,
          serial_shops, nicolae_shop_tiny_waterfront, nicolae_shop_statue_plus,
          shop, hellmonk_guarded_unrand_gyre_and_gimble, uniq_agnes, uniq_rupert
D:15:     grunt_enter_depths_hoard, layout_cave_pools, serial_park_square1
          [serial_park_minivault_5x5_7], serial_column_ruins,
          column_ruins_hut_ruined, column_ruins_columns_straight,
          column_ruins_corridor_water, column_ruins_open_medium,
          column_ruins_open_tiny, serial_shops, nicolae_shop_window_shopping
Lair:1:   beast_lair_carwin_large_1, layout_chaotic_city, nzn_ghost_randoct,
          grunt_megastairs_4
Lair:2:   layout_cave_pods, minmay_swamp_entry_reptiles, spider_nest_entry_a,
          disabler_island
Lair:3:   layout_regular_city, st_stairs_7, bh_autumn_forest_stairs, uniq_urug
Lair:4:   layout_roguey, slime_entry_1, special_room
          [special_room_mythical_zoo], grunt_megastairs_2
Lair:5:   hangedman_lair_tendril_chambers, layout_concentric_octagons,
          basic_altar, chequers_serial_rivers_micro_d
Swamp:1:  layout_falls_marsh, ebering_ghost_inner_flame,
          evilmike_swamp_ruin_house_3, infiniplex_staircase_pool_2
Orc:1:    layout_caves, basic_altar, serial_shops, uniq_fannar
Orc:2:    hellmonk_orc_salted, layout_diamond_mine, basic_altar,
          hellmonk_ghost_happy_afterlife

Skill      XL: |  1  2  3  4  5  6  7  8  9 10 11 12 13 14 15 16 |
---------------+-------------------------------------------------+-----
Armour         | 3 4 5 6 9 10 11 13 15 16 | 16.4
Dodging        | 2 3 5 6 7 8 9 |  9.9
Fighting       | 4 5 7 8 10 11 12 | 12.9
Maces & Flails | 4 5 13 14 15 16 17 18 19 20 | 20.0
Ranged Weapons | 3 5 |  5.8

Action                     |  1- 3 |  4- 6 |  7- 9 | 10-12 | 13-15 | 16-18 || total
---------------------------+-------+-------+-------+-------+-------+-------++-------
  Melee: Mace              |   120 |   101 |   195 |       |       |       ||   416
         Punch             |       |       |     2 |     7 |    15 |       ||    24
         Flail             |       |       |   179 |   802 |       |       ||   981
         Morningstar       |       |       |       |    88 |   835 |       ||   923
         Dire flail        |       |       |       |       |  1076 |   646 ||  1722
   Fire: Sling             |       |       |       |       |     3 |    40 ||    43
  Throw: Dart              |       |     4 |     5 |       |       |       ||     9
         Boomerang         |       |       |       |    36 |    40 |       ||    76
 Invoke: Berserk           |       |     1 |     1 |     7 |     8 |     6 ||    23
  Evoke: Wand              |       |       |       |     1 |       |     2 ||     3
    Use: Scroll            |       |       |     4 |     6 |    19 |     1 ||    30
         Potion            |       |       |     1 |     1 |     6 |       ||     8
   Stab: Distracted        |       |       |       |     1 |       |       ||     1
 Armour: Animal skin       |    20 |       |       |       |       |       ||    20
         Skin              |     7 |    23 |    35 |       |     4 |       ||    69
         Leather armour    |       |       |    40 |   169 |       |       ||   209
         Steam dragon scal |       |       |       |   103 |   179 |       ||   282
         Chain mail        |       |       |       |       |   626 |   223 ||   849
  Dodge: Dodged            |   109 |   100 |   243 |   815 |  1463 |   587 ||  3317
